 Dungeon Crawl Stone Soup version 0.26-a0-264-g3a471323bd (webtiles) character file.

Game seed: 8169296065003476069

1178 BritishOli the Protected (level 8, 36/61 HPs)
             Began as a Demonspawn Fighter on July 11, 2020.
             Quit the game on level 6 of the Dungeon.
             The game lasted 00:04:50 (5262 turns).

BritishOli the Protected (Demonspawn Fighter)       Turns: 5262, Time: 00:04:51

Health: 36/61      AC: 14    Str: 18    XL:     8   Next: 18%
Magic:  8/8        EV:  8    Int: 11    God:
Gold:   285        SH:  9    Dex: 12    Spells: 7/7 levels left

rFire    . . .     SeeInvis .   a - +0 long sword
rCold    + . .     Faith    .   c - +0 kite shield
rNeg     . . .     Spirit   .   h - +0 scale mail {rC+}
rPois    .         Reflect  .   (helmet restricted)
rElec    .         Harm     .   (no cloak)
rCorr    .                      g - +0 pair of gloves
MR       .....                  (no boots)
Stlth    ..........             (no amulet)
HPRegen  0.20/turn              e - +4 ring of protection
MPRegen  0.11/turn              (no ring)

@: no status effects
A: antennae 2, foul stench 1, rot immunity, sturdy frame 1
a: no special abilities


You were on level 6 of the Dungeon.
You were not hungry.

You visited 1 branch of the dungeon, and saw 6 of its levels.

You collected 318 gold pieces.
You spent 33 gold pieces at shops.

Inventory:

Hand Weapons
 a - a +0 long sword (weapon)
Missiles
 v - a throwing net (quivered)
Armour
 c - a +0 kite shield (worn)
 g - a +0 pair of gloves (worn)
 h - a +0 scale mail of cold resistance (worn)
Jewellery
 e - a +4 ring of protection (left hand)
 n - an uncursed ring of magical power {unknown}
Scrolls
 i - a scroll of blinking {unknown}
 j - 11 scrolls of identify {unknown}
 k - 2 scrolls of magic mapping {unknown}
 s - 2 scrolls of amnesia {unknown}
 t - a scroll of teleportation {unknown}
Potions
 b - a potion of haste {unknown}
 d - a potion of might
 l - a potion of degeneration {unknown}
 m - 3 potions of lignification {unknown}
 o - 2 potions of curing
 p - 2 potions of heal wounds {unknown}
 q - a potion of ambrosia {unknown}
 r - a potion of brilliance {unknown}
 u - a potion of stabbing
Comestibles
 f - 22 rations


   Skills:
 + Level 4.6 Fighting
 + Level 3.6 Long Blades
 * Level 9.9 Armour
 + Level 4.2 Shields


You had 7 spell levels left.
You didn't know any spells.
Your spell library contained the following spells:

 Spells                   Type           Power        Failure   Level
 Confusing Touch          Hex            #.......     100%        3
 Gell's Gravitas          Tloc           #.........   100%        3
 Petrify                  Tmut/Erth      #.......     100%        4
 Metabolic Englaciation   Hex/Ice        #.........   100%        5
 Yara's Violent Unravell  Hex/Tmut       #.........   100%        5


Dungeon Overview and Level Annotations

Branches:
Dungeon (6/15)
 Temple: D:4-7

Altars:
Fedhas
Kikubaaqudgha
Qazlal
Trog
Yredelemnul

Shops:
D:4 :!

Annotations:
D:4 exclusion: oklob plant


Innate Abilities, Weirdness & Mutations

You have a pair of antennae on your head.
You may emit foul miasma when damaged in melee.
You are immune to rotting.
Your movements are slightly less encumbered by armour. (ER -2)


Message History

You closely miss the quokka.
The quokka is almost dead.
The quokka bites you but does no damage.
You barely miss the quokka.
The quokka is almost dead.
You block the quokka's attack. x2
You closely miss the quokka.
The quokka is almost dead.
You block the quokka's attack.
You closely miss the quokka.
The quokka is almost dead.
The quokka bites you but does no damage.
You block the quokka's attack.
You slash the quokka!
You kill the quokka!
Things that are here:
a +0 shortbow; 22 arrows; a bullfrog corpse
There is an open door, spattered with blood here.
You see here 3 arrows.
Are you sure you want to abandon this character and quit the game? (Confirm with "yes".)

.. ## ... #. .#.#
#. ....##.##
........#########
#.......#.....#
#.....#<#.....#.
..#..#.)........>
#......@#########
#......#)#########
#......##........#
#.##.####.#....#.#
# ... #........#
#..# #...##...#
#.. #...##...# #.
#........#
#.#....#.#


There were no monsters in sight!

Vanquished Creatures
  2 sky beasts
  A necrophage (D:5)
  2 centaurs (D:6)
  3 ogres
  A big kobold (D:5)
  A bullfrog (D:6)
  A howler monkey (D:3)
  3 orc priests (D:5)
  An orc wizard (D:5)
  4 iguanas
  A hound skeleton (D:4)
  A worker ant zombie (D:5)
  2 adders
  A shadow imp (D:6)
  2 oozes
  2 worms (D:2)
  6 leopard geckos
  3 orcs
  2 giant cockroaches
  5 goblins
  9 hobgoblins
  2 jackals (D:4)
  3 quokkas
  A ball python (D:2)
  4 bats
  6 frilled lizards
  16 kobolds
  A quokka skeleton (D:4)
  5 rats
91 creatures vanquished.

Notes
Turn   | Place    | Note
-------+----------+-------------------------------------------
     0 | D:1      | BritishOli the Demonspawn Fighter began the quest for the
                  | Orb.
     0 | D:1      | Reached XP level 1. HP: 18/18 MP: 1/1
   124 | D:1      | Gained mutation: Your movements are slightly less
                  | encumbered by armour. (ER -2) [demonic ancestry]
   124 | D:1      | Reached XP level 2. HP: 22/24 MP: 2/2
   141 | D:1      | Reached skill level 3 in Armour
  1156 | D:2      | Found a blossoming altar of Fedhas.
  1158 | D:2      | Reached skill level 8 in Armour
  1158 | D:2      | Gained mutation: You have a pair of small antennae on your
                  | head. [demonic ancestry]
  1158 | D:2      | Reached XP level 3. HP: 9/29 MP: 3/3
  1160 | D:2      | Found an ancient bone altar of Kikubaaqudgha.
  1166 | D:2      | Reached XP level 4. HP: 6/35 MP: 4/4
  1183 | D:2      | HP: 1/35 [poisoned by a kobold]
  1542 | D:2      | Noticed a sky beast
  1599 | D:2      | Killed a sky beast
  1599 | D:2      | Reached skill level 9 in Armour
  1599 | D:2      | Gained mutation: You have a pair of antennae on your head.
                  | [demonic ancestry]
  1599 | D:2      | Reached XP level 5. HP: 34/41 MP: 5/5
  3079 | D:4      | Found Byfic's Book Emporium.
  3166 | D:4      | Found Icidis's Distillery.
  3169 | D:4      | Bought a potion of curing for 33 gold pieces
  3216 | D:4      | Found a stormy altar of Qazlal.
  3218 | D:4      | Noticed a fire elemental
  3219 | D:4      | Noticed an air elemental
  3219 | D:4      | Noticed a water elemental
  3529 | D:4      | Noticed an ogre
  3541 | D:4      | Killed an ogre
  3541 | D:4      | Reached XP level 6. HP: 24/48 MP: 6/6
  3759 | D:4      | Found a basalt altar of Yredelemnul.
  3849 | D:4      | Found a blossoming altar of Fedhas.
  3862 | D:4      | Noticed an oklob plant
  4038 | D:5      | Entered Level 5 of the Dungeon
  4444 | D:5      | Gained mutation: You are immune to rotting. [demonic
                  | ancestry]
  4444 | D:5      | Reached XP level 7. HP: 53/53 MP: 7/7
  4920 | D:5      | Found a bloodstained altar of Trog.
  5064 | D:5      | Gained mutation: You may emit foul miasma when damaged in
                  | melee. [demonic ancestry]
  5064 | D:5      | Reached XP level 8. HP: 51/61 MP: 8/8
  5262 | D:6      | Quit the game

Illustrated notes

Levels and vault maps discovered:
D:1:      dpeg_arrival_shrine, layout_basic, grunt_decor_one_mirror,
          amethyst_killhole, st_stairs_9, serial_bayou_pond_d,
          nrook_loot_triangle, minmay_misc_feat_enclosed
D:2:      layout_loops_ring, grunt_temple_overflow_growth_and_decay,
          serial_rivers, chequers_serial_rivers_room_a,
          chequers_serial_rivers_micro_b, chequers_serial_rivers_micro_b,
          chequers_serial_rivers_micro_a
D:3:      layout_basic, first_ration
D:4:      layout_loops_ring, kennysheep_mini_moat,
          nicolae_qazlal_style_of_elements, serial_shops, nicolae_shop_crystal,
          kennysheep_mini, tgw_fedhas
D:5:      cheibrodos_thug_alley, layout_basic, kennysheep_little_box
D:6:      layout_rooms, grunt_temple_overflow_order_and_chaos_2, temple_pool_b,
          enter_ossuary_5, kennysheep_pointless_box

Skill      XL: |  1  2  3  4  5  6  7 |
---------------+----------------------+-----
Long Blades    | 2 3 |  3.6
Armour         | 8 9 |  9.9
Shields        | 3 4 |  4.2
Fighting       | 4 |  4.6

Action                   |  1- 3 |  4- 6 |  7- 9 || total
-------------------------+-------+-------+-------++-------
Melee: Long sword        |    75 |   190 |   110 ||   375
  Use: Potion            |     3 |       |       ||     3
  Eat: Ration            |     1 |     3 |       ||     4
Armor: Scale mail        |    40 |    94 |    58 ||   192
Dodge: Dodged            |    15 |    58 |    43 ||   116
Block: Kite shield       |    44 |   100 |    69 ||   213
       Rpst.: Long sword |     5 |    18 |    13 ||    36

Table legend:
 A = Non-vault XP
 B = Vault XP
 C = Vault XP percentage of total XP
 D = Non-vault monster count
 E = Vault monster count
 F = Vault count percentage of total count
                 A         B        C        D         E       F
            +---------+---------+-------+---------+---------+-------
      Total |    1509 |     120 |   7.4 |      79 |      12 |  13.2
            +---------+---------+-------+---------+---------+-------
        D:1 |      27 |       5 |  15.6 |      14 |       4 |  22.2
        D:2 |     175 |       0 |   0.0 |      21 |       0 |   0.0
        D:3 |      84 |       0 |   0.0 |      11 |       0 |   0.0
        D:4 |     198 |       0 |   0.0 |      12 |       0 |   0.0
        D:5 |     789 |     115 |  12.7 |      16 |       8 |  33.3
        D:6 |     236 |       0 |   0.0 |       5 |       0 |   0.0
            +---------+---------+-------+---------+---------+-------
